 Dungeon Crawl Stone Soup version 0.24.1 (webtiles) character file.

Game seed: 5291148434297826675, levelgen mode: deterministic

207 Caim the Sneak (level 5, -4/39 HPs)
             Began as a Demonspawn Assassin on Apr 5, 2020.
             Slain by Grinder (8 damage)
             ... while paralysed by Grinder
             ... on level 3 of the Dungeon.
             The game lasted 00:22:22 (3795 turns).

Caim the Sneak (Demonspawn Assassin)                Turns: 3795, Time: 00:22:22

Health: -4/39      AC:  3    Str: 12    XL:     5   Next: 54%
Magic:  5/5        EV:  2    Int: 14    God:
Gold:   117        SH:  0    Dex: 15    Spells: 4/4 levels left

rFire    . . .     SeeInvis .   a - +4 dagger
rCold    . . .     Gourm    .   (no shield)
rNeg     . . .     Faith    .   b - +0 robe
rPois    .         Spirit   .   (helmet restricted)
rElec    .         Reflect  .   c - +0 cloak
rCorr    .         Harm     .   (no gloves)
MR       .....                  (no boots)
Stlth    +++.......             (no amulet)
HPRegen  0.13/turn              (no ring)
MPRegen  0.09/turn              (no ring)

@: paralysed
A: hooves 1, horns 1, repulsion field 1, blink, clever 1
a: Blink


You were on level 3 of the Dungeon.
You were not hungry.

You visited 1 branch of the dungeon, and saw 3 of its levels.

You collected 117 gold pieces.

Inventory:

Hand Weapons
 a - a +4 dagger (weapon)
Missiles
 d - 6 poisoned darts (quivered)
Armour
 b - a +0 robe (worn)
 c - a +0 cloak (worn)
 l - a +0 helmet
Jewellery
 m - an uncursed ring of fire {unknown}
Wands
 u - a wand of random effects (26)
Scrolls
 h - 4 scrolls of remove curse
 k - a scroll of teleportation {unknown}
 n - 2 scrolls of identify
 p - 2 scrolls of fear
 q - a scroll of blinking
 r - a scroll of fog {unknown}
 t - a scroll of amnesia {unknown}
Potions
 g - 2 potions of curing
 o - a potion of resistance {unknown}
 s - a potion of mutation
Comestibles
 f - 3 rations


   Skills:
 * Level 2.6 Fighting
 + Level 2.6 Short Blades
 + Level 2.5 Throwing
 * Level 2.0 Dodging
 * Level 5.0 Stealth


You had 4 spell levels left.
You didn't know any spells.
Your spell library was empty.

Dungeon Overview and Level Annotations

Branches:
Dungeon (3/15)

Altars:
Hepliaklqana
Nemelex Xobeh
Qazlal

Annotations:
D:3 Grinder


Innate Abilities, Weirdness & Mutations

You have large cloven feet.
You are surrounded by a mild repulsion field. (EV +2)
You have a pair of small horns on your head.
You can translocate small distances at will.
Your mind is acute. (Int +2)


Message History

Pain shoots through your body!
* * * LOW HITPOINT WARNING * * *
You feel much better.
Grinder says, "There's only one good use for a tongue: cutting it out."
Grinder hits you!
You writhe in agony.
You barely miss Grinder. You kick Grinder. Your headbutt misses Grinder.
Grinder is heavily wounded.
Grinder drinks a potion.
Grinder is healed!
You completely miss Grinder. Grinder hits you.
You writhe in agony.
You hit Grinder but do no damage. Grinder gestures at you.
You suddenly lose the ability to move!
Grinder hits you.
* * * LOW HITPOINT WARNING * * *
You writhe in agony.
* * * LOW HITPOINT WARNING * * *
Grinder gestures at you.
You shrug off the repeated paralysis!
Grinder hits you!
You die...

#.#.#.# #######..#
#.#.#.#####...##..#
####.#.#...##.###.#..##
.....#.##...#.# #.....#
####.#..⌠.⌠.#.###.##..#
####.#..._..##...###..##
#......#⌠.⌠###...###...#
#.##.####.>##.#.#.##.#.######♣..♣
..##### #..##...@..............♣
#.....# ##.##.#.#5##...##.....##
#.###.# #.##.....(...#####......
#.###.####.##)#.#####.# ..###.
...##.#.....(.#.# #.# ##
._......##.##.#.# #.#
...###.##)..#.#.# #.# #.##
#........#.# #.# #.# #.##...###.#
#.#


You could see Grinder.

Vanquished Creatures
  Jessica (D:3)
  An orc wizard (D:3)
  Natasha (D:3)
  7 adders
  3 worms
  2 leopard geckos
  2 orcs (D:3)
  6 bats
  4 giant cockroaches
  5 goblins
  7 hobgoblins
  3 jackals (D:3)
  2 quokkas
  3 frilled lizards (D:1)
  5 kobolds
  8 rats
60 creatures vanquished.

Notes
Turn   | Place    | Note
-------+----------+-------------------------------------------
     0 | D:1      | Caim the Demonspawn Assassin began the quest for the Orb.
     0 | D:1      | Reached XP level 1. HP: 16/16 MP: 1/1
     6 | D:1      | Noticed a lindwurm
     6 | D:1      | Noticed a crocodile
     6 | D:1      | Noticed a redback
     6 | D:1      | Noticed a hog
     6 | D:1      | Noticed a rime drake
   407 | D:1      | Reached skill level 1 in Dodging
   442 | D:1      | Gained mutation: You have large cloven feet. [demonic
                  | ancestry]
   442 | D:1      | Reached XP level 2. HP: 19/22 MP: 2/2
   894 | D:1      | Reached skill level 4 in Stealth
  1492 | D:2      | Reached XP level 3. HP: 8/27 MP: 3/3
  2510 | D:2      | Found a stormy altar of Qazlal.
  2711 | D:3      | Gained mutation: Your mind is acute. (Int +2) [potion of
                  | mutation]
  2711 | D:3      | Gained mutation: You can translocate small distances at
                  | will. [potion of mutation]
  2711 | D:3      | Gained mutation: You have a pair of small horns on your
                  | head. [potion of mutation]
  2742 | D:3      | Found a hazy altar of Hepliaklqana.
  2772 | D:3      | Gained mutation: You are surrounded by a mild repulsion
                  | field. (EV +2) [demonic ancestry]
  2772 | D:3      | Reached XP level 4. HP: 34/34 MP: 4/4
  2778 | D:3      | Found a sparkling altar of Nemelex Xobeh.
  2921 | D:3      | Noticed Jessica
  2931 | D:3      | Killed Jessica
  3189 | D:3      | Reached XP level 5. HP: 17/39 MP: 5/5
  3466 | D:3      | Reached skill level 5 in Stealth
  3493 | D:3      | Noticed Natasha
  3498 | D:3      | Killed Natasha
  3633 | D:3      | Noticed Grinder
  3664 | D:3      | Paralysed by Grinder for 2 turns
  3779 | D:3      | Paralysed by Grinder for 7 turns
  3792 | D:3      | Paralysed by Grinder for 4 turns
  3795 | D:3      | Slain by Grinder

Levels and vault maps discovered:
D:1:      onia_arrival_zoo_common, layout_basic, minmay_tetromino_s4
D:2:      layout_basic, marbit_many_paths
D:3:      layout_loops_ring, kennysheep_ying_yang,
          nicolae_overflow_crystal_walls, nemelex_xobeh_ov_fountains_minmay,
          uniq_jessica, uniq_grinder, uniq_crazy_yiuf_cottage, uniq_natasha

Skill      XL: |  1  2  3  4  5 |
---------------+----------------+-----
Dodging        | 1 2 |  2.0
Stealth        | 4 5 |  5.0
Short Blades   | 2 |  2.6
Throwing       | 2 |  2.5
Fighting       | |  2.6

Action                   |  1- 3 |  4- 6 || total
-------------------------+-------+-------++-------
Melee: Dagger            |    83 |    62 ||   145
       Kick              |    13 |    13 ||    26
       Headbutt          |     1 |    12 ||    13
Throw: Dart              |    20 |    19 ||    39
       Throwing net      |       |     1 ||     1
 Abil: Blink             |       |     2 ||     2
  Use: Scroll            |     4 |     4 ||     8
       Potion            |     1 |     2 ||     3
 Stab: Sleeping          |    15 |     3 ||    18
  Eat: Chunk             |     6 |     3 ||     9
Armor: Robe              |    22 |    16 ||    38
Dodge: Dodged            |    37 |    44 ||    81
